AoeStats
← КОБИАН

Golden Pit

509393873Analyzed
1v1 RM · 7d ago on Sep 26, 2026· 70m 6s· 2 players
Game mode
Random Map
Map size
Tiny (2 player)
Population
200
Speed
Normal
Resources
Standard
Victory
Conquest
Starting age
Dark Age
Ending age
Imperial Age
RankedLock teamsTeams togetherTeam positionsShared explorationLock speedFull tech treeHidden civsTurbo modeCheats
Victory
Defeat
🇲🇽 Romans · Mexico
892
+17
🇫🇷 Franks · France
904
-48
КОБИАН
3:24 Loom
11:38 Feudal Age
13:33 Man-at-Arms
15:41 Forging
18:03 Horse Collar
19:52 Double-Bit Axe
26:33 Castle Age
27:06 Wheelbarrow
26:42 Scale Barding Armor
26:38 Scale Mail Armor
26:45 Fletching
27:16 Padded Archer Armor
27:15 Elite Skirmisher
27:18 Pikeman
28:00 Squires
28:20 Bodkin Arrow
29:25 Iron Casting
29:18 Scale Mail Armor
31:04 Stone Mining
33:36 Chain Mail Armor
33:59 Hand Cart
33:58 Bow Saw
37:19 Ballistas
40:07 Gold Mining
43:51 Imperial Age
46:07 Blast Furnace
47:22 Chemistry
46:35 Halberdier
53:05 Gold Shaft Mining
53:22 Conscription
53:55 Ballistics
56:20 Chain Barding Armor
59:24 Heavy Plow
60:10 Plate Barding Armor
60:12 Fervor
60:15 Heavy Scorpion
64:17 Comitatenses
Elfufu
5:24 Loom
10:19 Feudal Age
11:31 Double-Bit Axe
14:32 Forging
16:44 Scale Barding Armor
23:02 Castle Age
21:49 Fletching
24:08 Bow Saw
24:45 Gold Mining
25:46 Iron Casting
25:45 Stone Mining
26:01 Husbandry
25:23 Crossbowman
29:44 Chain Barding Armor
31:15 Bodkin Arrow
31:08 Town Watch
33:15 Padded Archer Armor
33:57 Gold Shaft Mining
35:29 Ballistics
39:19 Wheelbarrow
43:36 Imperial Age
43:44 Cavalier
45:28 Blast Furnace
45:03 Plate Barding Armor
47:04 Ordonnance Companies
47:48 Paladin
52:23 Arrowslits
55:29 Leather Archer Armor
54:39 Elite Skirmisher
58:29 Squires
59:11 Hand Cart
60:12 Chemistry
60:05 Scale Mail Armor
60:28 Pikeman
66:14 Hoardings
68:56 Light Cavalry
Connection lost

Rejoining the realm…

Still unreachable

The connection could not be restored.

Session expired

The server has moved on; the page needs a fresh start.